Map: Frozen Temple

Players

PtitDrogo

  • Race: Protoss Protoss
  • League: Grandmaster

LiquidTLO (TLO) - Winner!

  • Race: Zerg Zerg
  • League: Grandmaster

VOD

Have the link to the VOD?

Description

Time

  • Played on: July 3, 2016, 11:24 a.m.
  • Length: 8:35
Show
View Real Time Build Order
Export as new Build Order

PtitDrogo Protoss 

Build Orders: 1 Gate Expand 

Get SALT Encoding   

  12  0:01  Probe (Chrono Boost)  
  13  0:11  Probe (Chrono Boost)  
  14  0:18  Pylon  
  14  0:22  Probe (Chrono Boost)  
  15  0:37  Probe (Chrono Boost)  
  15  0:38  Gateway  
  16  0:47  Probe (Chrono Boost)  
  16  0:48  Assimilator  
  17  0:58  Probe (Chrono Boost)  
  18  1:08  Probe (Chrono Boost)  
  19  1:21  Nexus  
  19  1:25  Probe (Chrono Boost)  
  20  1:32  Cybernetics Core  
  20  1:36  Probe (Chrono Boost)  
  21  1:41  Assimilator  
  21  1:46  Probe (Chrono Boost)  
  22  1:53  Pylon  
  22  1:57  Probe (Chrono Boost)  
  23  2:09  Warp Gate  
  23  2:11  Adept (Chrono Boost), Probe  
  26  2:21  Twilight Council  
  26  2:23  Probe  
  27  2:35  Adept (Chrono Boost), Probe  
  30  2:38  Probe  
  31  2:47  Probe  
  31  2:49  Probe  
  33  2:55  Adept (Chrono Boost)  
  33  2:57  Resonating Glaives (Chrono Boost)  
  33  2:59  Probe  
  33  3:01  Probe  
  37  3:11  Probe  
  38  3:17  Probe  
  38  3:19  Adept  
  39  3:22  Gateway x2  
  41  3:30  Pylon  
  41  3:33  Mothership Core (Chrono Boost)  
  42  3:37  Pylon  
  43  3:42  Probe (Chrono Boost)  
  35  3:50  Pylon  
  30  4:03  Probe (Chrono Boost)  
  24  4:13  Probe (Chrono Boost)  
  24  4:14  Adept  
  27  4:17  Adept x2  
  27  4:18  Probe (Chrono Boost)  
  31  4:25  Probe (Chrono Boost)  
  31  4:29  Probe (Chrono Boost)  
  32  4:35  Probe (Chrono Boost)  
  33  4:41  Adept x2  
  33  4:42  Probe (Chrono Boost)  
  38  4:50  Pylon  
  38  4:51  Probe (Chrono Boost)  
  39  4:53  Probe (Chrono Boost)  
  40  5:04  Adept x2  
  44  5:07  Probe (Chrono Boost)  
  44  5:09  Sentry  
  47  5:18  Probe (Chrono Boost)  
  48  5:24  Adept  
  48  5:25  Adept  
  51  5:29  Probe (Chrono Boost)  
  51  5:35  Probe (Chrono Boost)  
  50  5:40  Probe (Chrono Boost)  
  51  5:45  Probe (Chrono Boost)  
  52  5:50  Probe (Chrono Boost)  
  52  5:56  Probe (Chrono Boost)  
  54  6:01  Probe (Chrono Boost)  
  53  6:06  Robotics Facility, Probe (Chrono Boost)  
  52  6:11  Probe (Chrono Boost)  
  52  6:15  Adept x3  
  52  6:17  Pylon, Probe (Chrono Boost)  
  58  6:21  Pylon  
  58  6:37  Adept x3  
  61  6:41  Probe (Chrono Boost)  
  59  6:51  Probe (Chrono Boost)  
  59  6:54  Immortal (Chrono Boost)  
  62  6:58  Stalker x3  
  66  7:06  Probe  
  61  7:08  Probe  
  60  7:16  Probe  
  60  7:21  Probe  
  62  7:25  Adept x2  
  70  7:30  Adept  
  58  7:46  Stalker x2  
  56  7:55  Pylon x2  
  48  8:03  Zealot  
  43  8:09  Probe  
  43  8:11  Probe  
  37  8:19  Zealot  
  35  8:23  Zealot  
  35  8:28  Pylon  
Show
View Real Time Build Order
Export as new Build Order

LiquidTLO Zerg - Winner!

Build Orders: Hatch First 

Get SALT Encoding   

  12  0:01  Drone  
  13  0:13  Overlord  
  13  0:17  Drone  
  14  0:31  Drone x2  
  16  0:49  Hatchery  
  15  0:52  Drone  
  15  0:55  Drone  
  17  0:59  Drone  
  17  1:01  Extractor  
  17  1:15  Spawning Pool  
  17  1:17  Drone  
  17  1:21  Drone  
  18  1:30  Drone  
  19  1:40  Overlord  
  19  1:53  Drone  
  20  2:01  Metabolic Boost  
  20  2:02  Queen  
  20  2:04  Queen  
  24  2:09  Zergling x2  
  24  2:14  Evolution Chamber  
  24  2:18  Zergling x2  
  24  2:20  Zergling x2  
  26  2:25  Zergling x2  
  26  2:29  Extractor  
  26  2:34  Zergling x6  
  29  2:39  Zergling x2  
  30  2:47  Overlord, Extractor  
  30  2:51  Zergling x2  
  30  2:54  Zerg Melee Weapons Level 1  
  31  3:00  Drone  
  32  3:07  Extractor  
  32  3:08  Drone  
  32  3:10  Drone  
  32  3:12  Drone x2  
  35  3:16  Drone  
  36  3:22  Drone  
  36  3:23  Extractor, Drone  
  36  3:27  Drone  
  38  3:32  Drone  
  38  3:33  Drone  
  40  3:38  Drone  
  40  3:40  Drone  
  42  3:42  Drone  
  42  3:48  Drone  
  42  3:49  Drone  
  43  3:56  Roach Warren, Extractor  
  43  3:57  Overlord  
  43  3:59  Drone  
  40  4:14  Drone  
  40  4:18  Hatchery  
  40  4:20  Drone x2  
  38  4:26  Overlord  
  38  4:29  Zergling x2  
  38  4:30  Zergling x4  
  41  4:34  Drone x3  
  41  4:35  Extractor  
  43  4:40  Drone  
  43  4:41  Drone  
  45  4:46  Drone x3  
  45  4:49  Zerg Missile Weapons Level 1  
  45  4:52  Lair  
  48  4:57  Drone  
  49  5:09  Roach x5  
  49  5:11  Zergling x2  
  60  5:17  Overlord  
  60  5:21  Overlord  
  60  5:24  Spore Crawler  
  60  5:27  Zergling x2  
  60  5:30  Evolution Chamber  
  60  5:31  Roach, Evolution Chamber  
  60  5:32  Zergling x2  
  60  5:34  Roach  
  60  5:36  Ravager  
  60  5:37  Ravager x2  
  64  5:43  Zergling x2  
  64  5:44  Zergling x4  
  64  5:45  Zergling x4  
  64  5:47  Zergling x2  
  64  5:49  Zergling x2  
  71  5:51  Zergling x4  
  71  5:56  Roach  
  75  5:57  Roach  
  75  6:00  Glial Reconstitution  
  75  6:02  Drone  
  76  6:05  Roach  
  76  6:08  Roach  
  76  6:10  Overseer  
  80  6:15  Overlord  
  80  6:17  Overlord  
  80  6:21  Overlord  
  80  6:26  Overlord  
  80  6:27  Roach  
  81  6:37  Roach x2  
  81  6:38  Roach  
  81  6:39  Roach  
  86  6:40  Roach  
  86  6:42  Roach  
  86  6:44  Ravager  
  86  6:45  Zergling x2  
  87  6:49  Roach  
  87  6:50  Roach  
  87  6:52  Roach  
  91  6:55  Roach  
  91  6:58  Roach  
  93  7:01  Drone  
  93  7:02  Drone  
  93  7:04  Drone  
  93  7:05  Drone  
  93  7:07  Drone  
  93  7:08  Drone  
  93  7:13  Drone x2  
  93  7:14  Drone  
  97  7:15  Drone  
  97  7:20  Ravager  
  97  7:21  Ravager  
  99  7:26  Drone  
  99  7:29  Ravager  
  100  7:33  Roach  
  100  7:34  Roach  
  100  7:36  Roach x2  
  103  7:39  Roach  
  103  7:40  Roach, Drone  
  103  7:41  Drone x2  
  103  7:42  Drone  
  103  7:43  Ravager  
  106  7:46  Roach x2  
  106  7:52  Roach  
  106  7:54  Roach  
  106  7:55  Overlord, Roach  
  106  7:59  Roach  
  106  8:02  Zergling x2  
  106  8:03  Zergling x2  
  106  8:05  Roach x2  
  109  8:07  Zergling x4  
  109  8:08  Roach  
  103  8:13  Roach x2  
  103  8:14  Zergling x2  
  111  8:29  Ravager  
  111  8:33  Spore Crawler  
Tags
 
Add a new tag
Caveats
  • Supply blocks, unpowered buildings, or Contaminate may cause inaccurate times.
  • Supply counts are checked every 10 seconds.